 Dungeon Crawl Stone Soup version 0.18-a0-1350-g404b4cb (webtiles) character file.

79 hellophilly the Grave Robber (level 4, -2/30 HPs)
             Began as a Demonspawn Necromancer on Feb 18, 2016.
             Slain by Grinder (4 damage)
             ... on level 3 of the Dungeon.
             The game lasted 00:25:18 (2148 turns).

hellophilly the Grave Robber (DsNe)                 Turns: 2148, Time: 00:25:18

Health: -2/30      AC:  3    Str:  8    XL:     4   Next: 16%
Magic:  0/7        EV: 13    Int: 17    God:
Gold:   54         SH:  0    Dex: 14    Spells: 3 memorised, 2 levels left

rFire  . . .     SeeInvis .     h - +0 trident
rCold  . . .     Gourm    .     s - +0 robe
rNeg   . . .     Faith    .     (no shield)
rPois  .         Spirit   +     (helmet restricted)
rElec  .         Dismiss  .     (no cloak)
rCorr  +         Reflect  .     (no gloves)
SustAt .         Harm     .     o - +0 pair of boots
MR     .....                    l - amulet of guardian spirit
Stlth  ++........               (no ring)
                                K - ring of resist corrosion

@: not resistant to hostile enchantments, unstealthy
A: antennae 1, talons 1, powered by death 1
a: no special abilities


You were on level 3 of the Dungeon.
You were hungry.

You visited 1 branch of the dungeon, and saw 4 of its levels.

You collected 54 gold pieces.

Inventory:

Hand Weapons
 d - a +0 dagger
 h - a +0 trident (weapon)
 j - a +0 dagger
 n - a +0 short sword
 r - a +1 whip
 v - a +0 mace
 A - a +0 trident
 F - a +2 whip of flaming
 H - a +0 flail
Missiles
 p - 8 needles of confusion
 q - 28 stones (quivered)
 w - 29 sling bullets
Armour
 a - a +0 robe
 k - a +0 large shield
 o - a +0 pair of boots (worn)
 s - a +0 robe (worn)
 u - a +0 cloak
 x - a +0 leather armour
 z - a +0 robe
 B - a +0 scale mail
 E - a +0 leather armour of poison resistance
Jewellery
 l - an amulet of guardian spirit (around neck)
 K - a ring of resist corrosion (left hand)
Wands
 C - a wand of disintegration (9/24)
Scrolls
 y - a scroll of random uselessness {unknown}
 D - a scroll of enchant armour {unknown}
 G - a scroll of teleportation {unknown}
 J - a scroll of remove curse {unknown}
Potions
 e - 3 potions of ambrosia
 f - 2 potions of agility {unknown}
 m - a potion of curing
Books
 b - a book of Necromancy

   Spells                             Type                      Level
   a - Pain                           Necromancy                   1
   b - Animate Skeleton               Necromancy                   1
   c - Vampiric Draining              Necromancy                   3
   d - Regeneration                   Charms/Necromancy            3
   e - Animate Dead                   Necromancy                   4
   f - Control Undead                 Necromancy                   4
Comestibles
 c - 2 bread rations
 g - a meat ration
 i - 2 slices of pizza
 t - a fruit
 I - 2 chunks of flesh


   Skills:
 + Level 0.2 Fighting
 + Level 0.1 Maces & Flails
 + Level 0.3 Polearms
 + Level 2.6 Dodging
 + Level 2.1 Stealth
 + Level 2.3 Spellcasting
 + Level 5.2 Necromancy


You had 2 spell levels left.
You knew the following spells:

 Your Spells              Type           Power        Failure   Level  Hunger
a - Pain                  Necr           ###.         2%          1    #......
b - Animate Skeleton      Necr           N/A          2%          1    #......
c - Vampiric Draining     Necr           ###.......   10%         3    ###....


Dungeon Overview and Level Annotations

Branches:
Dungeon (4/15)
 Temple: D:4-7

Altars:
Kikubaaqudgha
Okawaru
Pakellas
Trog
Xom

Annotations:
D:3 Grinder


Innate Abilities, Weirdness & Mutations

You have a pair of small antennae on your head.
You have sharp toenails.
You regenerate a little health from kills.


Message History

Grinder hits you.
You writhe in agony.
Grinder hits you.
You writhe in agony.
Grinder hits you!
You writhe in agony.
* * * LOW HITPOINT WARNING * * *
You can move again.
Casting: Animate Skeleton
Confirm with . or Enter, or press ? or * to list all spells.
Aiming: Vampiric Draining
Press: ? - help, Shift-Dir - straight line, f - Grinder
Aim: Grinder You can't drain life from that!
You closely miss Grinder. Grinder gestures at you.
You resist with significant effort. Grinder hits you.
* * * LOW HITPOINT WARNING * * *
You writhe in agony.
* * * LOW HITPOINT WARNING * * *
Unknown command.
You closely miss Grinder. Grinder hits you.
You die...

.##.#### # #...#
#.# .##.#.. ##>##
#.. .##.#.# #
####.# #..
.##.#.##.# #....#
#.# .##......#
#....# #.#
.####.####
######...##### #.#
......#
#............# ##.#
#######
#.####..####.###..#
#.@5.......#.##....
#.##.#####.........
#.##.# #.##...#
#... ##...( ..##
#.... ..# ####.
.... #. ... #. #)


You could see Grinder.

Vanquished Creatures
  3 adders
  An adder skeleton (D:2)
  3 worms
  2 orcs
  A bat (D:2)
  A bat skeleton (D:2)
  3 hobgoblins
  A jackal (D:2)
  A quokka (D:2)
  2 giant newts
  4 goblins
  A jackal zombie (D:2)
  6 kobolds
  A quokka zombie (D:2)
  5 rats
35 creatures vanquished.

Vanquished Creatures (collateral kills)
  An adder (D:2)
  A ball python (D:2)
  A giant newt (D:2)
  3 kobolds (D:2)
6 creatures vanquished.

Grand Total: 41 creatures vanquished

Notes
Turn   | Place    | Note
--------------------------------------------------------------
     0 | D:1      | hellophilly the Demonspawn Necromancer began the quest for the Orb.
     0 | D:1      | Reached XP level 1. HP: 13/13 MP: 3/3
   361 | D:2      | Found a shimmering altar of Xom.
   363 | D:2      | Found an oddly glowing altar of Pakellas.
   390 | D:2      | Gained mutation: You have a pair of small antennae on your head. [demonic ancestry]
   390 | D:2      | Reached XP level 2. HP: 10/19 MP: 5/5
   393 | D:2      | Learned a level 1 spell: Animate Skeleton
   404 | D:2      | Found a bloodstained altar of Trog.
   406 | D:2      | Found an ancient bone altar of Kikubaaqudgha.
   559 | D:2      | Reached skill level 5 in Necromancy
   742 | D:2      | Gained mutation: You have sharp toenails. [demonic ancestry]
   742 | D:2      | Reached XP level 3. HP: 16/24 MP: 4/6
   775 | D:2      | Learned a level 3 spell: Vampiric Draining
   880 | D:2      | Found an iron altar of Okawaru.
  1874 | D:3      | Gained mutation: You regenerate a little health from kills. [demonic ancestry]
  1874 | D:3      | Reached XP level 4. HP: 28/30 MP: 7/7
  2138 | D:3      | Noticed Grinder
  2140 | D:3      | Paralysed by Grinder for 7 turns
  2148 | D:3      | Slain by Grinder

Vault maps used:
D:1:      scummos_arrival_simple_fountains
D:2:      minitemple, okawaru_gym_becter, nicolae_overflow_hidden_temple,
          serial_undead, serial_undead_b, serial_undead_b, serial_undead_f,
          serial_undead_a, serial_undead_b, first_bread, minmay_vboxes
D:3:      uniq_grinder
D:4:      kennysheep_mini_moat

Action                   |  1- 3 |  4- 6 || total
-------------------------+-------+-------++-------
Melee: Trident           |   101 |    20 ||   121
       Dagger            |    18 |       ||    18
       Whip              |    53 |       ||    53
Throw: Stone             |     1 |     1 ||     2
 Cast: Animate Skeleton  |     7 |     2 ||     9
       Vampiric Draining |     2 |       ||     2
  Use: Potion            |     1 |       ||     1
       Scroll            |     2 |       ||     2
 Stab: Sleeping          |     3 |       ||     3
  Eat: Chunk             |     3 |     1 ||     4
